 Dungeon Crawl Stone Soup version 0.26-a0-812-g31a745ddcd (webtiles) character file.

Game seed: 11095906940414228980

18 dmks the Conjurer (level 2, -1/17 HPs)
             Began as an Octopode Conjurer on Nov 14, 2020.
             Slain by a jackal (2 damage)
             ... on level 1 of the Dungeon.
             The game lasted 00:01:28 (1216 turns).

dmks the Conjurer (Octopode Conjurer)               Turns: 1216, Time: 00:01:28

Health: -1/17      AC:  1    Str:  6    XL:     2   Next: 70%
Magic:  4/5        EV: 13    Int: 20    God:
Gold:   89         SH:  0    Dex: 10    Spells: 4/5 levels left

rFire    x . .     SeeInvis .   (no weapon)
rCold    + . .     Faith    .   (no shield)
rNeg     . . .     Spirit   .   (helmet restricted)
rPois    .         Reflect  .   (no amulet)
rElec    .         Harm     .   l - ring of protection from magic
rCorr    .         Rampage  .   d - ring of ice
MR       +....                  (no ring)
Stlth    +++.......             (no ring)
HPRegen  0.05/turn              (no ring)
MPRegen  0.09/turn              (no ring)
                                (no ring)
                                (no ring)

@: no status effects
A: almost no armour, stealthy swim, amphibious, 8 rings, constrict 8, camouflage
1, gelatinous body 1
a: no special abilities


You were on level 1 of the Dungeon.
You visited 1 branch of the dungeon, and saw 2 of its levels.

You collected 89 gold pieces.

Inventory:

Jewellery
 d - a ring of ice (right tentacle)
   (You found it on level 1 of the Dungeon)
 l - a ring of protection from magic (left tentacle)
   (You found it on level 1 of the Dungeon)
Scrolls
 c - a scroll of amnesia {unknown}
 f - 2 scrolls of identify {unknown}
 h - a scroll of fear {unknown}
Potions
 a - a potion of invisibility {unknown}
 b - 2 potions of curing {unknown}
 e - a potion of brilliance {unknown}
 g - a potion of might {unknown}
 i - a potion of mutation {unknown}


   Skills:
 + Level 2.2 Dodging
 + Level 3.1 Stealth
 + Level 2.2 Spellcasting
 * Level 4.3 Conjurations


You had 4 spell levels left.
You knew the following spells:

 Your Spells              Type           Power        Failure   Level
a - Magic Dart            Conj           ###.         2%          1

Your spell library contained the following spells:

 Spells                   Type           Power        Failure   Level
 Searing Ray              Conj           ###...       4%          2
 Dazzling Flash           Conj/Hex       ##....       19%         3
 Fulminant Prism          Conj/Hex       ##........   54%         4
 Iskenderun's Mystic Bla  Conj/Tloc      ##......     54%         4


Dungeon Overview and Level Annotations

Branches:
Dungeon (2/15)

Altars:


Innate Abilities, Weirdness & Mutations

You cannot wear most types of armour.
You are very stealthy in the water. (Stealth+)
You are amphibious.
You can wear up to eight rings at the same time.
You can use your tentacles to constrict eight enemies at once.
Your skin changes colour to match your surroundings (Stealth+).
Your rubbery body absorbs attacks. (AC +1, EV +1)


Message History

You kill the jackal!
The jackal barely misses you. The jackal misses you.
Aim: a jackal The magic dart hits the jackal.
The jackal barely misses you.
Aim: a jackal (almost dead)
The magic dart hits the jackal.
You kill the jackal!
You start resting.
Done exploring.
You climb downwards.
A quokka, a jackal and a kobold come into view.
The jackal barks! x2
A jackal comes into view.
The jackal bites you but does no damage.
The jackal barely misses you. x2; The jackal completely misses you.
The rat misses you. The jackal barely misses you. The jackal misses you.
The kobold shouts!
The jackal barks!
There is a stone staircase leading up here.
The jackal barely misses you. The rat bites you. The jackal closely misses you.
The jackal bites you. The jackal closely misses you.
You climb upwards.
There is a stone staircase leading down here.
You closely miss the jackal. You grab the jackal. You constrict the jackal.
The jackal bites you. The rat barely misses you. The jackal misses you.
The jackal closely misses you.
You tentacle-slap the jackal but do no damage.
You constrict the jackal, but do no damage.
The jackal bites you. The jackal barely misses you. The jackal misses you.
The rat bites you. The jackal closely misses you. x2
The jackal barely misses you.
You tentacle-slap the jackal but do no damage.
You constrict the jackal. The rat bites you.
* * * LOW HITPOINT WARNING * * *
The jackal completely misses you. The jackal bites you.
* * * LOW HITPOINT WARNING * * *
The jackal closely misses you.
You tentacle-slap the jackal but do no damage.
You constrict the jackal. The jackal barely misses you. The jackal bites you.
* * * LOW HITPOINT WARNING * * *
The jackal misses you. The rat bites you.
* * * LOW HITPOINT WARNING * * *
The jackal barely misses you.
The jackal bites you but does no damage.
Aim: a rat The magic dart hits the rat.
You constrict the jackal.
You kill the jackal!
The rat bites you.
* * * LOW HITPOINT WARNING * * *
The jackal bites you.
You die...

...###.##.# #.#.## #.#.#..# ####
#.##.# #....# ##+#...#( #.##.#
###..# ##....#..# ### #.##.# #).#
##.....##.. ##.###.##.#####..##
##.......###
#...##.##.........####...........
.....................'.........+.
#...##.########rhh####.........##
#...##.# ##@## ##.......##
#.#....# #†# ##.....## #...####
#.# ##...## ##.## #.# ##'## #.#
#.# #.# #.# #.# #.# #.# #.#
##.###### ##.# #.# #####........
...# #.# #............


You could see 2 jackals and a rat.

Vanquished Creatures
  A dart slug (D:1)
  2 hobgoblins (D:1)
  3 jackals (D:1)
  A ball python (D:1)
  3 bats (D:1)
  A frilled lizard (D:1)
  3 goblins (D:1)
  2 rats (D:1)
16 creatures vanquished.

Notes
Turn   | Place    | Note
-------+----------+-------------------------------------------
     0 | D:1      | dmks the Octopode Conjurer began the quest for the Orb.
     0 | D:1      | Reached XP level 1. HP: 11/11 MP: 3/3
   288 | D:1      | Reached XP level 2. HP: 11/17 MP: 0/5
  1216 | D:1      | Slain by a jackal

Illustrated notes

Levels and vault maps discovered:
D:1:      ebering_trefoil_twist, layout_loops_corners, minmay_box_of_dots
D:2:      layout_rooms

Skill      XL: |  1  2 |
---------------+-------+-----
Stealth        | 3 |  3.1
Dodging        | |  2.2
Spellcasting   | |  2.2
Conjurations   | |  4.3

Action                   || total
-------------------------++-------
Melee: Unarmed           ||     8
       Constrict         ||     2
       Tentacles         ||     1
 Cast: Magic Dart        ||    24
Armor: Skin              ||     3
Dodge: Dodged            ||    33

Table legend: (Time is in decaauts)
 A = Elapsed time spent in this place.
 B = Non-inter-level travel time spent in this place.
 C = Inter-level travel time spent in this place.
 D = Time resting spent in this place.
 E = Time spent auto-exploring this place.
 F = Levels seen in this place.
 G = Mean time per level.
                   A        B        C        D        E       F      G
               +--------+--------+--------+--------+--------+-----+--------+
         Total |   1217 |   1185 |     32 |     58 |   1035 |   2 |  608.5 |
       Dungeon |   1217 |   1185 |     32 |     58 |   1035 |   2 |  608.5 |
               +--------+--------+--------+--------+--------+-----+--------+

Top non-repeatable levels by time:
     D:1: 1210 daAuts
     D:2: 6 daAuts
